BSA
VISTA PANTHERS @ KANSAS CITY KINGS
07/28/2027
 
TOP OF THE 1ST
Vista Panthers batting - Pitching for Kansas City Kings : RHP Ron Young
Pitching: RHP Ron Young
Batting: LHB Bob Cunningham 0-0: Ball
1-0: Ball
2-0: Foul Ball, location: 2F
2-1: Foul Ball, location: 2F
2-2: Foul Ball, location: 2F
2-2: SINGLE (Groundball, 4D)
Batting: LHB Patrick Osborne 0-0: Ball
1-0: Foul Ball, location: 2F
1-1: Foul Ball, location: 2F
1-2: Foul Ball, location: 2F
1-2: Ball
2-2: Ball
3-2: Strikes out swinging
Batting: RHB Justin Burgess 0-0: Ball
1-0: Foul Ball, location: 2F
1-1: Foul Ball, location: 2F
1-2: Strikes out swinging
Batting: LHB Donovan Bird 0-0: Ball
1-0: Ball
2-0: Called Strike
2-1: Ball
3-1: Base on Balls
Bob Cunningham to second
Batting: SHB Mark Wells 0-0: Called Strike
0-1: Reached via error on a dropped throw, E4
Bob Cunningham to third
Donovan Bird to second
Batting: RHB Phil Matthews 0-0: Foul Ball, location: 2F
0-1: Ball
1-1: Ball
2-1: Fielders Choice at 2nd, 5-4 (Groundball, 56)
Top of the 1st over - 0 run(s), 1 hit(s), 1 error(s), 2 left on base; Vista 0 - Kansas City 0
BOTTOM OF THE 1ST
Kansas City Kings batting - Pitching for Vista Panthers : LHP Thomas Heath
Pitching: LHP Thomas Heath
Batting: LHB Bruno Lalonde 0-0: Bunted foul
0-1: Hit by Pitch
Batting: SHB Douglas Taylor 0-0: Foul Ball, location: 2F
Balk!
Bruno Lalonde to second
0-1: Foul Ball, location: 2F
0-2: Ball
1-2: Foul Ball, location: 2F
1-2: Fly out, F9 (Flyball, 9)
Batting: RHB Toshimichi Kono 0-0: Foul Ball, location: 2F
0-1: Ball
1-1: Ball
2-1: Fly out, F3 (Popup, 3)
Batting: RHB Chris Chandler 0-0: Called Strike
0-1: Ball
1-1: Swinging Strike
1-2: Fly out, F7 (Flyball, 7LS)
Bottom of the 1st over - 0 run(s), 0 hit(s), 0 error(s), 1 left on base; Vista 0 - Kansas City 0
TOP OF THE 2ND
Vista Panthers batting - Pitching for Kansas City Kings : RHP Ron Young
Batting: LHB Brent Alonzo 0-0: Called Strike
0-1: Foul Ball, location: 2F
0-2: Ball
1-2: Ground out 6-3 (Groundball, 6M)
Batting: RHB Cisco Gatán 0-0: Ball
1-0: Called Strike
1-1: Called Strike
1-2: Ball
2-2: Foul Ball, location: 2F
2-2: Ground out 5-3 (Groundball, 5S)
Batting: LHB Francisco Marino 0-0: Ball
1-0: Called Strike
1-1: Ball
2-1: Foul Ball, location: 2F
2-2: SINGLE (Groundball, 34D)
Batting: LHB Bob Cunningham 0-0: Ball
1-0: Ball
Francisco Marino steals 2nd base
2-0: Ball
3-0: Base on Balls
Batting: LHB Patrick Osborne 0-0: Called Strike
0-1: Ball
1-1: Foul Ball, location: 2F
1-2: Foul Ball, location: 2F
1-2: Foul Ball, location: 2F
1-2: Ball
2-2: Strikes out looking
Top of the 2nd over - 0 run(s), 1 hit(s), 0 error(s), 2 left on base; Vista 0 - Kansas City 0
BOTTOM OF THE 2ND
Kansas City Kings batting - Pitching for Vista Panthers : LHP Thomas Heath
Batting: RHB Dave Parker 0-0: Called Strike
0-1: Fly out, F6 (Line Drive, 6)
Batting: LHB Howard Lambert 0-0: Ball
1-0: Foul Ball, location: 2F
1-1: Ball
2-1: Called Strike
2-2: Foul Ball, location: 2F
2-2: Ball
3-2: Foul Ball, location: 2F
3-2: Foul Ball, location: 2F
3-2: Strikes out looking
Batting: RHB Raúl Bruno 0-0: Ball
1-0: Ground out 5-3 (Groundball, 56S)
Bottom of the 2nd over - 0 run(s), 0 hit(s), 0 error(s), 0 left on base; Vista 0 - Kansas City 0
TOP OF THE 3RD
Vista Panthers batting - Pitching for Kansas City Kings : RHP Ron Young
Batting: RHB Justin Burgess 0-0: Fly out, F5 (Popup, 5L)
Batting: LHB Donovan Bird 0-0: Foul Ball, location: 2F
0-1: Foul Ball, location: 2F
0-2: Ball
1-2: Ball
2-2: Ball
3-2: Strikes out swinging
Batting: SHB Mark Wells 0-0: Called Strike
0-1: Ball
1-1: Ground out U3 (Groundball, 34)
Top of the 3rd over - 0 run(s), 0 hit(s), 0 error(s), 0 left on base; Vista 0 - Kansas City 0
BOTTOM OF THE 3RD
Kansas City Kings batting - Pitching for Vista Panthers : LHP Thomas Heath
Batting: SHB António De La Cruz 0-0: Ball
1-0: Fly out, F9 (Flyball, 9S)
Batting: RHB Tony Quinn 0-0: Ball
1-0: Ball
2-0: Called Strike
2-1: Fly out, F9 (Flyball, 9S)
Batting: LHB Bruno Lalonde 0-0: Ball
1-0: Foul Ball, location: 2F
1-1: Swinging Strike
1-2: Foul Ball, location: 2F
1-2: Ball
2-2: Strikes out swinging
Bottom of the 3rd over - 0 run(s), 0 hit(s), 0 error(s), 0 left on base; Vista 0 - Kansas City 0
TOP OF THE 4TH
Vista Panthers batting - Pitching for Kansas City Kings : RHP Ron Young
Batting: RHB Phil Matthews 0-0: Called Strike
0-1: Ground out 6-3 (Groundball, 6)
Batting: LHB Brent Alonzo 0-0: DOUBLE (Line Drive, 78D)
Batting: RHB Cisco Gatán 0-0: Ball
1-0: Ball
2-0: Called Strike
2-1: Ball
3-1: DOUBLE (Line Drive, 89M)
Brent Alonzo scores
Batting: LHB Francisco Marino 0-0: Called Strike
0-1: Foul Ball, location: 2F
0-2: Hit by Pitch
Batting: LHB Bob Cunningham 0-0: Ball
1-0: Grounds into double play, 3-6-3 (Groundball, 3)
Top of the 4th over - 1 run(s), 2 hit(s), 0 error(s), 1 left on base; Vista 1 - Kansas City 0
BOTTOM OF THE 4TH
Kansas City Kings batting - Pitching for Vista Panthers : LHP Thomas Heath
Batting: SHB Douglas Taylor 0-0: Ball
1-0: Called Strike
1-1: SINGLE (Groundball, 6MD)
Batting: RHB Toshimichi Kono 0-0: Ball
Pickoff Throw to First - Out!
1-0: Ball
2-0: Ground out 5-3 (Groundball, 56S)
Batting: RHB Chris Chandler 0-0: Swinging Strike
0-1: Foul Ball, location: 2F
0-2: DOUBLE (Flyball, 78D)
Batting: RHB Dave Parker 0-0: Ball
1-0: Called Strike
1-1: Ball
2-1: Foul Ball, location: 2F
2-2: Foul Ball, location: 2F
2-2: Ground out 6-3 (Groundball, 6)
Bottom of the 4th over - 0 run(s), 2 hit(s), 0 error(s), 1 left on base; Vista 1 - Kansas City 0
TOP OF THE 5TH
Vista Panthers batting - Pitching for Kansas City Kings : RHP Ron Young
Batting: LHB Patrick Osborne 0-0: Swinging Strike
0-1: Called Strike
0-2: Ball
1-2: Strikes out swinging
Batting: RHB Justin Burgess 0-0: Foul Ball, location: 2F
0-1: Ground out 4-3 (Groundball, 4)
Batting: LHB Donovan Bird 0-0: Ball
1-0: Ball
2-0: Ball
3-0: Called Strike
3-1: Called Strike
3-2: Strikes out swinging
Top of the 5th over - 0 run(s), 0 hit(s), 0 error(s), 0 left on base; Vista 1 - Kansas City 0
BOTTOM OF THE 5TH
Kansas City Kings batting - Pitching for Vista Panthers : LHP Thomas Heath
Batting: LHB Howard Lambert 0-0: Ball
1-0: Foul Ball, location: 2F
1-1: Swinging Strike
1-2: Ball
2-2: Ball
3-2: SINGLE (Line Drive, 4M)
Batting: RHB Raúl Bruno 0-0: Grounds into double play, 6-4-3 (Groundball, 6)
Batting: SHB António De La Cruz 0-0: Called Strike
0-1: Ball
1-1: Foul Ball, location: 2F
1-2: Strikes out looking
Bottom of the 5th over - 0 run(s), 1 hit(s), 0 error(s), 0 left on base; Vista 1 - Kansas City 0
TOP OF THE 6TH
Vista Panthers batting - Pitching for Kansas City Kings : RHP Ron Young
Pitching: RHP Mike Hodges
Batting: SHB Mark Wells 0-0: Called Strike
0-1: Ball
1-1: Ball
2-1: Called Strike
2-2: Fly out, F6 (Popup, 6D)
Batting: RHB Phil Matthews 0-0: Called Strike
0-1: Ground out 6-3 (Groundball, 6)
Batting: LHB Brent Alonzo 0-0: Ball
1-0: Ground out 6-3 (Groundball, 56D)
Top of the 6th over - 0 run(s), 0 hit(s), 0 error(s), 0 left on base; Vista 1 - Kansas City 0
BOTTOM OF THE 6TH
Kansas City Kings batting - Pitching for Vista Panthers : LHP Thomas Heath
Batting: RHB Tony Quinn 0-0: Called Strike
0-1: Ball
1-1: Ball
2-1: Fly out, F8 (Flyball, 8RS)
Batting: LHB Bruno Lalonde 0-0: Ball
1-0: Foul Ball, location: 2F
1-1: Ball
2-1: Fly out, F8 (Flyball, 8LD)
Batting: SHB Douglas Taylor 0-0: Called Strike
0-1: SOLO HOME RUN (Line Drive, 9D), Distance : 387 ft
Batting: RHB Toshimichi Kono 0-0: SOLO HOME RUN (Flyball, 78XD), Distance : 425 ft
Batting: RHB Chris Chandler 0-0: Ball
1-0: DOUBLE (Flyball, 78XD)
Batting: RHB Dave Parker 0-0: 2-RUN HOME RUN (Flyball, 78XD), Distance : 380 ft
Batting: LHB Howard Lambert 0-0: Ball
1-0: Foul Ball, location: 2F
1-1: Swinging Strike
1-2: Foul Ball, location: 2F
1-2: Ball
2-2: Foul Ball, location: 2F
2-2: Ball
3-2: Foul Ball, location: 2F
3-2: SINGLE (Groundball, 3D)
Batting: RHB Raúl Bruno 0-0: Called Strike
0-1: DOUBLE (Line Drive, 89M)
Howard Lambert to third
Runner from 3rd tries for Home, SAFE, no throw
Pitching: RHP Doug Singleton
Batting: SHB António De La Cruz 0-0: Foul Ball, location: 2F
0-1: Ball
1-1: Called Strike
1-2: Ball
2-2: SINGLE (Line Drive, 34D)
Raúl Bruno to third
Batting: RHB Tony Quinn 0-0: Ball
1-0: Swinging Strike
1-1: Called Strike
1-2: Ground out 1-3 (Groundball, P)
Bottom of the 6th over - 5 run(s), 7 hit(s), 0 error(s), 2 left on base; Vista 1 - Kansas City 5
TOP OF THE 7TH
Vista Panthers batting - Pitching for Kansas City Kings : RHP Mike Hodges
Batting: RHB Cisco Gatán 0-0: Ball
1-0: Swinging Strike
1-1: Foul Ball, location: 2F
1-2: Ball
2-2: Strikes out swinging
Batting: LHB Francisco Marino 0-0: Called Strike
0-1: Ball
1-1: Ground out 6-3 (Groundball, 6M)
Batting: LHB Bob Cunningham 0-0: Foul Ball, location: 2F
0-1: Swinging Strike
0-2: Ball
1-2: Foul Ball, location: 2F
1-2: Reached on error, E7 (Flyball, 7S)
Batting: LHB Patrick Osborne 0-0: Foul Ball, location: 2F
0-1: SINGLE (Groundball, 56D)
Bob Cunningham to third
Runner from 3rd tries for Home, SAFE, no throw
Batting: RHB Justin Burgess 0-0: Called Strike
0-1: Ball
1-1: Ball
2-1: Swinging Strike
2-2: Foul Ball, location: 2F
2-2: Strikes out swinging
Top of the 7th over - 1 run(s), 1 hit(s), 1 error(s), 1 left on base; Vista 2 - Kansas City 5
BOTTOM OF THE 7TH
Kansas City Kings batting - Pitching for Vista Panthers : RHP Doug Singleton
Batting: LHB Bruno Lalonde 0-0: Called Strike
0-1: Called Strike
0-2: Fly out, F9 (Flyball, 9LDF)
Batting: SHB Douglas Taylor 0-0: Foul Ball, location: 2F
0-1: Ball
1-1: Swinging Strike
1-2: Fly out, F7 (Flyball, 7S)
Batting: RHB Toshimichi Kono 0-0: Ball
1-0: Foul Ball, location: 2F
1-1: Ground out 4-3 (Groundball, 4)
Bottom of the 7th over - 0 run(s), 0 hit(s), 0 error(s), 0 left on base; Vista 2 - Kansas City 5
TOP OF THE 8TH
Vista Panthers batting - Pitching for Kansas City Kings : RHP Mike Hodges
Batting: LHB Donovan Bird 0-0: Ball
1-0: Swinging Strike
1-1: Ball
2-1: Ball
3-1: Foul Ball, location: 2F
3-2: Base on Balls
Pitching: LHP Ignacio Colón
Batting: SHB Mark Wells 0-0: Foul Ball, location: 2F
0-1: Foul Ball, location: 2F
0-2: Grounds into double play, 1-6-3 (Groundball, P)
Batting: RHB Phil Matthews 0-0: Ball
1-0: Ball
2-0: Called Strike
2-1: SINGLE (Groundball, 5D)
Batting: LHB Brent Alonzo 0-0: Ball
1-0: Foul Ball, location: 2F
1-1: Fielders Choice at 2nd, 4-6 (Groundball, 34)
Top of the 8th over - 0 run(s), 1 hit(s), 0 error(s), 0 left on base; Vista 2 - Kansas City 5
BOTTOM OF THE 8TH
Kansas City Kings batting - Pitching for Vista Panthers : RHP Doug Singleton
Batting: RHB Chris Chandler 0-0: Called Strike
0-1: Foul Ball, location: 2F
0-2: Ball
1-2: Ball
2-2: SOLO HOME RUN (Flyball, 78XD), Distance : 386 ft
Batting: RHB Dave Parker 0-0: Fly out, F8 (Flyball, 8LS)
Batting: LHB Howard Lambert 0-0: Swinging Strike
0-1: SINGLE (Groundball, 4MD)
Batting: RHB Raúl Bruno 0-0: Ball
1-0: Called Strike
1-1: Foul Ball, location: 2F
1-2: Ball
2-2: Ball
3-2: Fielders Choice at 2nd, 4-6 (Groundball, 4)
Batting: SHB António De La Cruz 0-0: Called Strike
0-1: Swinging Strike
0-2: Foul Ball, location: 2F
0-2: Fly out, F9 (Flyball, 89M)
Bottom of the 8th over - 1 run(s), 2 hit(s), 0 error(s), 1 left on base; Vista 2 - Kansas City 6
TOP OF THE 9TH
Vista Panthers batting - Pitching for Kansas City Kings : LHP Ignacio Colón
Batting: RHB Cisco Gatán 0-0: DOUBLE (Line Drive, 8LM)
Batting: LHB Francisco Marino 0-0: Swinging Strike
0-1: Foul Ball, location: 2F
0-2: Foul Ball, location: 2F
0-2: Strikes out swinging
Batting: LHB Bob Cunningham 0-0: Ball
1-0: SINGLE (Line Drive, 9S)
Cisco Gatán to third
Pitching: RHP Ray Watkins
Batting: LHB Patrick Osborne 0-0: Ball
1-0: Ground out U3 (Groundball, 3S)
Cisco Gatán scores
Bob Cunningham to second
Batting: RHB Justin Burgess 0-0: Ground out U3 (Groundball, 34S)
Top of the 9th over - 1 run(s), 2 hit(s), 0 error(s), 1 left on base; Vista 3 - Kansas City 6
Thursday, March 30th, 2017 - OOTP Baseball 17.12 Build 75